 Dungeon Crawl Stone Soup version 0.27-a0-538-g15ff5c5295 (webtiles) character file.

Game seed: 3552805334019397575

28 HoaS the Insei (level 2, -2/24 HPs)
             Began as a Demigod Gladiator on Mar 6, 2021.
             Slain by a gnoll
             ... wielding a +0 whip
              (3 damage)
             ... on level 1 of the Dungeon.
             The game lasted 00:02:14 (1932 turns).

HoaS the Insei (Demigod Gladiator)                  Turns: 1932, Time: 00:02:16

Health: -2/24      AC:  5    Str: 15    XL:     2   Next: 75%
Magic:  4/4        EV: 16    Int: 10    God:
Gold:   34         SH:  5    Dex: 15    Spells: 1/1 levels left

rFire    . . .     SeeInvis .     - Unarmed
rCold    . . .     Faith    .   (no shield)
rNeg     . . .     Spirit   .   a - +0 leather armour
rPois    .         Reflect  +   e - +2 hat
rElec    .         Harm     .   (no cloak)
rCorr    .         Rampage  .   (no gloves)
Will     .....                  (no boots)
Stlth    +.........             h - amulet of reflection
HPRegen  0.08/turn              i - +4 ring of evasion
MPRegen  0.09/turn              (no ring)

@: no status effects
A: high mp 1, forlorn
a: no special abilities


You were on level 1 of the Dungeon.
You visited 1 branch of the dungeon, and saw 2 of its levels.

You collected 34 gold pieces.

Inventory:

Missiles
 c - 3 throwing nets (quivered)
 d - 13 poisoned darts
Armour
 a - a +0 leather armour (worn)
 b - a +0 helmet
 e - a +2 hat (worn)
Jewellery
 h - an amulet of reflection (around neck)
 i - a +4 ring of evasion (left hand)
Scrolls
 j - a scroll of teleportation
Potions
 g - 4 potions of heal wounds


   Skills:
 - Level 1.7 Fighting
 - Level 1.7 Throwing
 - Level 2.6 Dodging
 + Level 3.8 Unarmed Combat


You had one spell level left.
You didn't know any spells.
Your spell library was empty.

Dungeon Overview and Level Annotations

Branches:
Dungeon (2/15)


Innate Abilities, Weirdness & Mutations

Your attributes grow dramatically as you level up.
You have an increased reservoir of magic. (+10% MP)
You shall have no god before yourself.


Message History

You block the adder's attack.
You hit the adder.
You kill the adder!
You feel better.
You start resting.
HP restored.
There is a stone staircase leading up here.
g - 4 potions of heal wounds (gained 1)
There is a stone staircase leading up here. 2 gnolls come into view.
The gnoll shouts! x2
A gnoll comes into view. It is wielding a +0 spear.
There is a stone staircase leading up here.
The gnoll completely misses you.
There is a stone staircase leading up here.
The gnoll closely misses you. The gnoll hits you with a +0 spear.
The gnoll misses you.
You climb upwards.
There is a stone staircase leading down here.
You barely miss the gnoll. The gnoll hits you with a +0 whip!
The gnoll closely misses you.
You hit the gnoll.
The gnoll is moderately wounded.
The gnoll hits you with a +0 whip. The gnoll closely misses you.
You hit the gnoll.
The gnoll is heavily wounded.
The gnoll closely misses you. The gnoll misses you.
You hit the gnoll.
The gnoll is severely wounded.
You hit the gnoll but do no damage.
The gnoll is severely wounded.
The gnoll closely misses you. The gnoll hits you but does no damage.
You hit the gnoll.
The gnoll is almost dead.
The gnoll closely misses you. The gnoll hits you with a +0 spear.
* * * LOW HITPOINT WARNING * * *
You barely miss the gnoll.
The gnoll is almost dead.
The gnoll hits you with a +0 whip.
You die...

#.# #.....#........#.#.####
#.####.#####..........#.....
#.#........'..........#....#
#.#.##.#####..........#....#
#.#.##.# #....†.....#....#
#####.#.##.# ###.........##.#'##
#.......##.# #.........#....#'##
##.##.####.###.#######.#####...#
#.##....).....@g..........+...+
#....#.##.###.g#.#.##.#####...#
######..#.# #..#.#.##.# #.....
#......#.# #..#.#.#######.....
#.#.#..#.###..................
#.#.#..#........#.####....#.#.
###.#.#..####.#.###.####....#.#.
#.....#..# #..#.#.........#.#.#.
#####.#..###..#.#+#.####.##.#.#.


You could see 2 gnolls.

Vanquished Creatures
  An adder (D:2)
  2 dart slugs (D:1)
  A leopard gecko (D:1)
  A goblin (D:1)
  2 hobgoblins (D:1)
  2 kobolds (D:1)
  2 bats (D:1)
  3 rats (D:1)
14 creatures vanquished.

Notes
Turn   | Place    | Note
-------+----------+-------------------------------------------
     0 | D:1      | HoaS the Demigod Gladiator began the quest for the Orb.
     0 | D:1      | Reached XP level 1. HP: 17/17 MP: 3/3
   456 | D:1      | Reached skill level 3 in Unarmed Combat
   946 | D:1      | Reached XP level 2. HP: 12/24 MP: 4/4
  1931 | D:1      | HP: 1/24 [gnoll/+0 spear (6)]
  1932 | D:1      | Slain by a gnoll

Illustrated notes

Levels and vault maps discovered:
D:1:      lemuel_arrival_muddy, layout_basic, grunt_decor_junction
D:2:      layout_basic, overflow_temple_1_default,
          chequers_ecumenical_altar_simple_redux, hangedman_feature_mirror

Skill      XL: |  1 |
---------------+----+-----
Unarmed Combat | 3 |  3.8
Fighting       | |  1.7
Throwing       | |  1.7
Dodging        | |  2.6

Action                   || total
-------------------------++-------
Melee: Unarmed           ||    99
  Use: Scroll            ||     4
       Potion            ||     1
Armor: Leather armour    ||    21
Dodge: Dodged            ||    65
Block: Other             ||     7

Table legend: (Time is in decaauts)
 A = Elapsed time spent in this place.
 B = Non-inter-level travel time spent in this place.
 C = Inter-level travel time spent in this place.
 D = Time resting spent in this place.
 E = Time spent auto-exploring this place.
 F = Levels seen in this place.
 G = Mean time per level.
                   A        B        C        D        E       F      G
               +--------+--------+--------+--------+--------+-----+--------+
         Total |   1926 |   1902 |     24 |    775 |    933 |   2 |  963.0 |
       Dungeon |   1926 |   1902 |     24 |    775 |    933 |   2 |  963.0 |
               +--------+--------+--------+--------+--------+-----+--------+

Top non-repeatable levels by time:
     D:1: 1567 daAuts
     D:2: 358 daAuts
